Rangers vs Canadiens
Created - February 21, 2021 at 19:10
Goals
|
| Rangers |
2 |
2 |
1 |
5 |
| Canadiens |
0 |
1 |
1 |
2 |
|
Shots
|
| Rangers |
10 |
12 |
7 |
29 |
| Canadiens |
4 |
10 |
9 |
23 |
|
1st period
1. Rangers , Jakob Silfverberg 22 (Sean Couturier 21) at 16:10
2. Rangers , Milan Lucic 28 (Kyle Okposo 20, Cam Barker 18) at 16:48
Penalties :
Brady Skjei (Mon) for Holding (Minor) at 6:41
2nd period
3. Rangers , Tomas Hertl 12 (Steve Quailer 5, Chris Bourque 13) at 2:19
4. Rangers , Matt Delahey 1 (Sean Couturier 22, Jakob Silfverberg 27) at 14:46
5. Canadiens , Frans Nielsen 11 (Greg Stewart 24, Claude Giroux 23) at 17:32
Penalties :
Brady Skjei (Mon) for Holding (Minor) at 0:06, Jakob Silfverberg (NYR) for Roughing (Minor) at 8:04, Frans Nielsen (Mon) for Interference (Minor) at 18:01
3rd period
6. Rangers , Jakob Silfverberg 23 (Sean Couturier 23, Rostislav Olesz 15) at 7:56
7. Canadiens , Dave Bolland 12 (Benoit Pouliot 25) at 16:06 (SH)
Penalties :
Milan Lucic (NYR) for Interference (Minor) at 0:26, Benoit Pouliot (Mon) for Hooking (Minor) at 7:59, Luke Schenn (NYR) for Elbowing (Minor) at 9:20, Mark Stuart (Mon) for High sticking (Minor) at 11:51, Cameron Gaunce (Mon) for Roughing (Minor) at 14:53, Milan Lucic (NYR) for Tripping (Minor) at 19:26
Goalie Stats
Frederik Andersen (NYR), 21 saves from 23 shots - (0.913), W, 17-21-3, 60:00 minutes
Allen York (Mon), 12 saves from 13 shots - (0.923), 25:14 minutes
Kristers Gudlevskis (Mon), 12 saves from 16 shots - (0.750), L, 14-20-8, 34:46 minutes
Players Stats for Rangers
Player Name G A P +/- PIM S H SB GA TA FO MP PP MP PK MP
------------------------------------------------------------------------------------
Cam Barker 0 1 1 1 0 3 1 0 1 0 0/0 27:43 6:16 3:21
Chris Bourque 0 1 1 0 0 2 0 1 0 0 0/0 11:26 0:00 2:10
Devante Smith-Pelly 0 0 0 0 0 2 0 1 0 0 0/0 8:57 0:00 0:00
Dmitry Kulikov 0 0 0 1 0 0 1 1 0 0 0/0 22:51 5:00 2:46
Jakob Silfverberg 2 1 3 2 2 5 0 0 2 1 0/0 18:55 6:02 0:15
Kyle Okposo 0 1 1 1 0 0 1 0 0 1 1/1 17:00 5:14 0:00
Luke Schenn 0 0 0 1 2 2 1 2 1 0 0/0 26:19 6:15 2:26
Magnus Paajarvi 0 0 0 0 0 2 0 0 0 0 0/0 10:05 0:00 0:39
Mark Fistric 0 0 0 1 0 3 1 1 2 0 0/0 22:38 5:00 3:11
Matt Delahey 1 0 1 1 0 1 0 0 0 0 0/0 10:19 0:00 0:00
Maxime Sauvé 0 0 0 0 0 0 1 0 0 0 1/1 8:57 0:00 0:00
Milan Lucic 1 0 1 0 4 4 5 0 0 1 1/1 20:34 6:02 1:42
Patrice Bergeron 0 0 0 0 0 0 4 1 0 2 10/33 21:34 6:02 2:18
Patrik Nemeth 0 0 0 1 0 0 1 2 0 0 0/0 10:19 0:00 0:00
Rostislav Olesz 0 1 1 3 0 1 0 0 0 0 1/1 16:37 5:14 0:00
Sean Couturier 0 3 3 3 0 2 2 1 0 0 8/16 20:09 5:14 3:16
Steve Quailer 0 1 1 0 0 1 0 1 0 0 0/0 8:37 0:00 0:00
Tomas Hertl 1 0 1 0 0 1 1 0 0 0 2/6 10:26 0:00 1:24
Players Stats for Canadiens
Player Name G A P +/- PIM S H SB GA TA FO MP PP MP PK MP
------------------------------------------------------------------------------------
Benoit Pouliot 0 1 1 0 2 1 0 0 1 0 0/1 14:28 2:59 1:19
Brady Skjei 0 0 0 -3 4 2 0 2 1 1 0/0 21:42 2:35 0:34
Brett Maclean 0 0 0 -1 0 1 0 0 0 0 0/0 10:41 0:00 0:00
Bryce Lampman 0 0 0 -3 0 0 2 2 1 0 0/0 27:07 2:07 7:28
Cameron Gaunce 0 0 0 0 2 1 1 0 0 0 0/0 14:05 3:17 0:10
Claude Giroux 0 1 1 -2 0 5 2 0 0 1 0/1 17:18 2:50 0:00
Dave Bolland 1 0 1 0 0 2 2 0 0 2 10/16 15:08 2:55 1:40
Dustin Boyd 0 0 0 -1 0 3 0 1 0 0 2/5 14:22 0:04 3:15
Frans Nielsen 1 0 1 -2 2 3 1 0 1 0 9/19 17:12 2:53 0:07
Greg Stewart 0 1 1 -2 0 1 2 1 0 0 1/2 20:39 2:53 3:43
Jordan Szwarz 0 0 0 -1 0 0 2 0 0 0 0/0 11:02 0:21 0:00
Mark Stuart 0 0 0 -1 2 1 1 4 0 1 0/0 21:26 0:44 5:57
Nick Spaling 0 0 0 0 0 0 1 0 0 0 0/0 6:13 0:00 0:00
Nikolai Zherdev 0 0 0 0 0 0 0 0 0 0 0/0 6:13 0:00 0:00
Philip Larsen 0 0 0 1 0 1 2 1 0 0 0/0 15:10 0:00 3:28
Pierre-Marc Bouchard 0 0 0 0 0 0 2 1 0 0 11/13 13:33 0:00 6:14
Raphael Diaz 0 0 0 0 0 1 1 2 1 0 0/0 21:29 3:01 4:55
Steve Downie 0 0 0 -1 0 1 2 0 0 1 2/2 20:12 2:41 6:14
3 Stars
1 - Jakob Silfverberg (NYR)
2 - Sean Couturier (NYR)
3 - Rostislav Olesz (NYR)
Power Play
Rangers - 0 on 6 Attempt(s) - 0.00%
Canadiens - 0 on 4 Attempt(s) - 0.00%
Penalty Kill
Rangers - 4 on 4 Attempt(s) - 100.00%
- Score 0 goal in Penalty Kill
Canadiens - 6 on 6 Attempt(s) - 100.00%
- Score 1 goal in Penalty Kill
Team Stat
Rangers - Hits : 19 - Faceoff Wins : 24 - Blocked Shots : 11 - Penalty Minutes : 8
Canadiens - Hits : 21 - Faceoff Wins : 35 - Blocked Shots : 14 - Penalty Minutes : 12
Official
Referees : Unknown
Linesman : Unknown
Game Notes
Allen York enters game at 14:46 of 2nd period
Finance
Level 1 -- Attendance: 5098 (84.97%) -- Ticket Income $519,996
Level 2 -- Attendance: 4518 (90.36%) -- Ticket Income $298,188
Level 3 -- Attendance: 1994 (99.70%) -- Ticket Income $83,748
Level 4 -- Attendance: 4000 (100.00%) -- Ticket Income $112,000
Luxury Box -- Attendance: 884 (88.40%) -- Ticket Income $160,888
Game was played at the Centre Bell.
Total Attendance: 16494 (91.63%)
Total Ticket Income: $1,174,820
Other Income: $176,223
Total Income: $1,351,043
Rangers
5 vs 5 Forward
Center Left Wing Right Wing Time % Phy DF OF
1 Patrice Bergeron Milan Lucic Kyle Okposo 35 1 2 2
2 Sean Couturier Rostislav Olesz Jakob Silfverberg 30 1 2 2
3 Tomas Hertl Chris Bourque Steve Quailer 20 1 2 2
4 Maxime Sauvé Magnus Paajarvi Devante Smith-Pelly 15 1 2 2
5 vs 5 Defense
Defense Defense Time % Phy DF OF
1 Luke Schenn Cam Barker 40 1 2 2
2 Mark Fistric Dmitry Kulikov 30 1 2 2
3 Patrik Nemeth Matt Delahey 20 1 2 2
4 Luke Schenn Cam Barker 10 1 2 2
PowerPlay Forward
Center Left Wing Right Wing Time % Phy DF OF
1 Patrice Bergeron Milan Lucic Jakob Silfverberg 60 1 2 2
2 Sean Couturier Rostislav Olesz Kyle Okposo 40 1 2 2
PowerPlay Defense
Defense Defense Time % Phy DF OF
1 Luke Schenn Cam Barker 60 1 2 2
2 Dmitry Kulikov Mark Fistric 40 1 2 2
Penalty Kill 4 Players Forward
Center Wing Time % Phy DF OF
1 Sean Couturier Milan Lucic 60 1 2 2
2 Patrice Bergeron Jakob Silfverberg 40 1 2 2
Penalty Kill 4 Players Defense
Defense Defense Time % Phy DF OF
1 Cam Barker Luke Schenn 60 1 2 2
2 Mark Fistric Dmitry Kulikov 40 1 2 2
Penalty Kill - 3 Players Forward
Forward Time % Phy DF OF
1 Sean Couturier 60 1 2 2
2 Patrice Bergeron 40 1 2 2
Penalty Kill - 3 Players Defense
Defense Defense Time % Phy DF OF
1 Cam Barker Luke Schenn 60 1 2 2
2 Matt Delahey Patrik Nemeth 40 1 2 2
4 vs 4 Forward
Center Wing Time % Phy DF OF
1 Patrice Bergeron Jakob Silfverberg 60 1 2 2
2 Sean Couturier Milan Lucic 40 1 2 2
4 vs 4 Defense
Defense Defense Time % Phy DF OF
1 Luke Schenn Cam Barker 60 1 2 2
2 Patrik Nemeth Matt Delahey 40 1 2 2
Last Minutes Offensive
Center Left Wing Right Wing Defense Defense
Milan Lucic Jakob Silfverberg Patrice Bergeron Luke Schenn Cam Barker
Last Minutes Defensive
Center Left Wing Right Wing Defense Defense
Milan Lucic Jakob Silfverberg Patrice Bergeron Luke Schenn Cam Barker
Goaltenders
Starting : Frederik Andersen
Backup : Mike Condon
Extra Forwards
Normal : Patrice Bergeron, Sean Couturier, Milan Lucic - PP : Patrice Bergeron, Jakob Silfverberg - PK : Patrice Bergeron
Extra Defensemen
Normal : Cam Barker, Luke Schenn, Dmitry Kulikov - PP : Cam Barker - PK : Mark Fistric, Luke Schenn
Penalty Shots
Patrice Bergeron, Sean Couturier, Milan Lucic, Jakob Silfverberg, Kyle Okposo
Scratches
None
Canadiens
5 vs 5 Forward
Center Left Wing Right Wing Time % Phy DF OF
1 Frans Nielsen Greg Stewart Claude Giroux 40 3 1 1
2 Dave Bolland Benoit Pouliot Steve Downie 30 3 1 1
3 Dustin Boyd Brett Maclean Jordan Szwarz 20 3 1 1
4 Pierre-Marc Bouchard Nick Spaling Nikolai Zherdev 10 5 0 0
5 vs 5 Defense
Defense Defense Time % Phy DF OF
1 Brady Skjei Bryce Lampman 40 4 1 0
2 Mark Stuart Raphael Diaz 30 4 1 0
3 Philip Larsen Cameron Gaunce 20 4 1 0
4 Brady Skjei Bryce Lampman 10 4 1 0
PowerPlay Forward
Center Left Wing Right Wing Time % Phy DF OF
1 Frans Nielsen Greg Stewart Claude Giroux 50 0 0 5
2 Dave Bolland Benoit Pouliot Steve Downie 50 0 0 5
PowerPlay Defense
Defense Defense Time % Phy DF OF
1 Brady Skjei Bryce Lampman 50 0 0 5
2 Raphael Diaz Cameron Gaunce 50 0 0 5
Penalty Kill 4 Players Forward
Center Wing Time % Phy DF OF
1 Pierre-Marc Bouchard Steve Downie 60 1 3 1
2 Dustin Boyd Greg Stewart 40 1 3 1
Penalty Kill 4 Players Defense
Defense Defense Time % Phy DF OF
1 Mark Stuart Bryce Lampman 60 1 3 1
2 Philip Larsen Raphael Diaz 40 1 3 1
Penalty Kill - 3 Players Forward
Forward Time % Phy DF OF
1 Frans Nielsen 60 1 4 0
2 Dave Bolland 40 1 4 0
Penalty Kill - 3 Players Defense
Defense Defense Time % Phy DF OF
1 Mark Stuart Bryce Lampman 60 1 4 0
2 Brady Skjei Raphael Diaz 40 1 4 0
4 vs 4 Forward
Center Wing Time % Phy DF OF
1 Dave Bolland Claude Giroux 60 0 2 3
2 Frans Nielsen Benoit Pouliot 40 0 2 3
4 vs 4 Defense
Defense Defense Time % Phy DF OF
1 Brady Skjei Mark Stuart 60 0 2 3
2 Cameron Gaunce Raphael Diaz 40 0 2 3
Last Minutes Offensive
Center Left Wing Right Wing Defense Defense
Frans Nielsen Greg Stewart Claude Giroux Brady Skjei Bryce Lampman
Last Minutes Defensive
Center Left Wing Right Wing Defense Defense
Frans Nielsen Greg Stewart Steve Downie Mark Stuart Bryce Lampman
Goaltenders
Starting : Kristers Gudlevskis
Backup : Allen York
Extra Forwards
Normal : Claude Giroux, Greg Stewart, Benoit Pouliot - PP : Claude Giroux, Greg Stewart - PK : Steve Downie
Extra Defensemen
Normal : Brady Skjei, Bryce Lampman, Raphael Diaz - PP : Brady Skjei - PK : Raphael Diaz, Bryce Lampman
Penalty Shots
Claude Giroux, Brett Maclean, Greg Stewart, Benoit Pouliot, Frans Nielsen
Scratches
Viktor Stalberg (Healthy)
% Time on Ice - Rangers
Lines # - Real PCT - Wanted PCT - Time Play
Normal Forward
1 - 31% - 35% - 13:17
2 - 27% - 30% - 11:23
3 - 20% - 20% - 8:37
4 - 21% - 15% - 8:57
Normal Defense
1 - 39% - 40% - 16:21
2 - 34% - 30% - 14:27
3 - 24% - 20% - 10:19
4 - 3% - 10% - 1:07
PP Forward
1 - 54% - 60% - 6:02
2 - 46% - 40% - 5:14
PP Defense
1 - 56% - 60% - 6:16
2 - 44% - 40% - 5:00
PK Forward
1 - 96% - 60% - 5:39
2 - 4% - 40% - 0:13
PK Defense
1 - 57% - 60% - 3:21
2 - 43% - 40% - 2:31
PK3 Forward
1 - 0% - 60%
2 - 0% - 40%
PK3 Defense
1 - 0% - 60%
2 - 0% - 40%
44 Forward
1 - 100% - 60% - 0:38
2 - 0% - 40% - 0:00
44 Defense
1 - 100% - 60% - 0:38
2 - 0% - 40% - 0:00
Last Minute Offensive - 0:00
Last Minute Defensive - 0:00
Total
Forward - 60:00
Defense - 60:00
|
% Time on Ice - Canadiens
Lines # - Real PCT - Wanted PCT - Time Play
Normal Forward
1 - 36% - 40% - 15:03
2 - 24% - 30% - 10:17
3 - 25% - 20% - 10:41
4 - 15% - 10% - 6:13
Normal Defense
1 - 41% - 40% - 17:26
2 - 31% - 30% - 13:05
3 - 25% - 20% - 10:23
4 - 3% - 10% - 1:20
PP Forward
1 - 54% - 50% - 3:11
2 - 46% - 50% - 2:41
PP Defense
1 - 44% - 50% - 2:35
2 - 56% - 50% - 3:17
PK Forward
1 - 68% - 60% - 7:43
2 - 32% - 40% - 3:33
PK Defense
1 - 68% - 60% - 7:38
2 - 32% - 40% - 3:38
PK3 Forward
1 - 0% - 60%
2 - 0% - 40%
PK3 Defense
1 - 0% - 60%
2 - 0% - 40%
44 Forward
1 - 100% - 60% - 0:38
2 - 0% - 40% - 0:00
44 Defense
1 - 100% - 60% - 0:38
2 - 0% - 40% - 0:00
Last Minute Offensive - 0:00
Last Minute Defensive - 0:00
Total
Forward - 60:00
Defense - 60:00
|
Play-by-Play
1st period
0:01 of 1st period - Patrice Bergeron wins face-off versus Frans Nielsen in neutral zone.
0:06 of 1st period - Snap shot by Milan Lucic.
0:06 of 1st period - Stopped by Kristers Gudlevskis with a rebound.
0:08 of 1st period - Snap shot by Patrice Bergeron.
0:08 of 1st period - Deflect By Milan Lucic.
0:08 of 1st period - Deflect By Greg Stewart.
0:08 of 1st period - Shot Blocked by Greg Stewart.
0:08 of 1st period - Puck is out of play.
0:09 of 1st period - Frans Nielsen wins face-off versus Patrice Bergeron in Canadiens zone.
0:09 of 1st period - Frans Nielsen is hit by Cam Barker.
0:52 of 1st period - Backhand shot by Claude Giroux.
0:52 of 1st period - Stopped by Frederik Andersen without a rebound.
0:53 of 1st period - Sean Couturier wins face-off versus Dave Bolland in Rangers zone.
0:53 of 1st period - Sean Couturier is hit by Steve Downie.
1:12 of 1st period - Dmitry Kulikov is hit by Raphael Diaz and loses puck.
2:15 of 1st period - Wrist shot by Dustin Boyd.
2:15 of 1st period - Shot Hit the Post.
2:53 of 1st period - Wrist shot by Dustin Boyd.
2:53 of 1st period - Stopped by Frederik Andersen with a rebound.
2:55 of 1st period - Slapshot by Cameron Gaunce.
2:55 of 1st period - Shot Blocked by Patrik Nemeth.
2:59 of 1st period - Snap shot by Jordan Szwarz.
2:59 of 1st period - Shot Misses the Net.
3:09 of 1st period - Snap shot by Jordan Szwarz.
3:09 of 1st period - Shot Misses the Net.
3:11 of 1st period - Snap shot by Jordan Szwarz.
3:11 of 1st period - Shot Misses the Net.
3:27 of 1st period - Wrist shot by Dustin Boyd.
3:27 of 1st period - Stopped by Frederik Andersen with a rebound.
3:43 of 1st period - Wrist shot by Jordan Szwarz.
3:43 of 1st period - Shot Blocked by Patrik Nemeth.
3:45 of 1st period - Slapshot by Philip Larsen.
3:45 of 1st period - Shot Misses the Net.
4:38 of 1st period - Snap shot by Jordan Szwarz.
4:38 of 1st period - Shot Blocked by Devante Smith-Pelly.
4:40 of 1st period - Slapshot by Philip Larsen.
4:40 of 1st period - Stopped by Frederik Andersen without a rebound.
4:41 of 1st period - Sean Couturier wins face-off versus Frans Nielsen in Rangers zone.
4:41 of 1st period - Sean Couturier is hit by Claude Giroux.
5:40 of 1st period - Snap shot by Chris Bourque.
5:40 of 1st period - Stopped by Kristers Gudlevskis with a rebound.
5:42 of 1st period - Snap shot by Cam Barker.
5:42 of 1st period - Shot Blocked by Mark Stuart.
6:41 of 1st period - Minor Penalty to Brady Skjei for Holding.
6:42 of 1st period - Patrice Bergeron wins face-off versus Pierre-Marc Bouchard in Canadiens zone.
6:52 of 1st period - Snap shot by Milan Lucic.
6:52 of 1st period - Stopped by Kristers Gudlevskis without a rebound.
6:53 of 1st period - Pierre-Marc Bouchard wins face-off versus Patrice Bergeron in Canadiens zone.
7:29 of 1st period - Slapshot by Cam Barker.
7:29 of 1st period - Shot Blocked by Mark Stuart.
8:41 of 1st period - Penalty to Brady Skjei is over, Brady Skjei is back on ice.
8:49 of 1st period - Snap shot by Claude Giroux.
8:49 of 1st period - Shot Misses the Net.
8:51 of 1st period - Wrist shot by Claude Giroux.
8:51 of 1st period - Shot Blocked by Steve Quailer.
10:03 of 1st period - Sean Couturier is hit by Pierre-Marc Bouchard.
11:11 of 1st period - Jakob Silfverberg is hit by Pierre-Marc Bouchard and loses puck.
11:30 of 1st period - Milan Lucic is hit by Philip Larsen and loses puck.
11:43 of 1st period - Raphael Diaz is hit by Maxime Sauvé and loses puck.
12:29 of 1st period - Cameron Gaunce is hit by Kyle Okposo and loses puck.
13:57 of 1st period - Snap shot by Steve Quailer.
13:57 of 1st period - Stopped by Kristers Gudlevskis with a rebound.
14:09 of 1st period - Chris Bourque is hit by Frans Nielsen and loses puck.
14:50 of 1st period - Maxime Sauvé is hit by Nick Spaling.
14:54 of 1st period - Snap shot by Devante Smith-Pelly.
14:54 of 1st period - Shot Misses the Net.
14:56 of 1st period - Wrist shot by Luke Schenn.
14:56 of 1st period - Stopped by Kristers Gudlevskis with a rebound.
15:18 of 1st period - Greg Stewart is hit by Luke Schenn.
15:29 of 1st period - Jakob Silfverberg is hit by Bryce Lampman and loses puck.
15:42 of 1st period - Wrist shot by Jordan Szwarz.
15:42 of 1st period - Shot Blocked by Sean Couturier.
16:03 of 1st period - Brady Skjei is hit by Sean Couturier and loses puck.
16:10 of 1st period - Snap shot by Jakob Silfverberg.
16:10 of 1st period - Goal by Jakob Silfverberg - Rangers : 1 - Canadiens : 0.
16:11 of 1st period - Patrice Bergeron wins face-off versus Greg Stewart in neutral zone.
16:20 of 1st period - Backhand shot by Brady Skjei.
16:20 of 1st period - Deflect By Claude Giroux.
16:20 of 1st period - Shot Misses the Net.
16:20 of 1st period - Puck is out of play.
16:21 of 1st period - Frans Nielsen wins face-off versus Patrice Bergeron in Rangers zone.
16:48 of 1st period - Snap shot by Kyle Okposo.
16:48 of 1st period - Deflect By Milan Lucic.
16:48 of 1st period - Goal by Milan Lucic - Rangers : 2 - Canadiens : 0.
16:49 of 1st period - Steve Downie wins face-off versus Patrice Bergeron in neutral zone.
17:16 of 1st period - Claude Giroux is hit by Sean Couturier and loses puck.
17:25 of 1st period - Wrist shot by Rostislav Olesz.
17:25 of 1st period - Stopped by Kristers Gudlevskis with a rebound.
17:27 of 1st period - Wrist shot by Jakob Silfverberg.
17:27 of 1st period - Stopped by Kristers Gudlevskis without a rebound.
17:28 of 1st period - Kyle Okposo wins face-off versus Dave Bolland in Canadiens zone.
18:01 of 1st period - Snap shot by Rostislav Olesz.
18:01 of 1st period - Shot Blocked by Raphael Diaz.
18:03 of 1st period - Snap shot by Rostislav Olesz.
18:03 of 1st period - Shot Blocked by Mark Stuart.
18:41 of 1st period - Snap shot by Devante Smith-Pelly.
18:41 of 1st period - Stopped by Kristers Gudlevskis with a rebound.
18:44 of 1st period - Icing by Raphael Diaz.
18:45 of 1st period - Dustin Boyd wins face-off versus Patrice Bergeron in Canadiens zone.
18:50 of 1st period - Wrist shot by Dustin Boyd.
18:50 of 1st period - Shot Misses the Net.
18:58 of 1st period - Snap shot by Dustin Boyd.
18:58 of 1st period - Shot Misses the Net.
19:04 of 1st period - Brett Maclean is hit by Patrice Bergeron.
Goals for this period are 2 for Rangers vs 0 for Canadiens.
Shots for this period are 10 for Rangers vs 4 for Canadiens.
2nd period
0:01 of 2nd period - Patrice Bergeron wins face-off versus Frans Nielsen in neutral zone.
0:03 of 2nd period - Off-side.
0:04 of 2nd period - Frans Nielsen wins face-off versus Patrice Bergeron in neutral zone.
0:06 of 2nd period - Minor Penalty to Brady Skjei for Holding.
0:07 of 2nd period - Pierre-Marc Bouchard wins face-off versus Patrice Bergeron in Canadiens zone.
0:23 of 2nd period - Wrist shot by Jakob Silfverberg.
0:23 of 2nd period - Shot Blocked by Pierre-Marc Bouchard.
1:46 of 2nd period - Philip Larsen is hit by Mark Fistric and loses puck.
2:06 of 2nd period - Penalty to Brady Skjei is over, Brady Skjei is back on ice.
2:19 of 2nd period - Snap shot by Steve Quailer.
2:19 of 2nd period - Deflect By Tomas Hertl.
2:19 of 2nd period - Goal by Tomas Hertl - Rangers : 3 - Canadiens : 0.
2:20 of 2nd period - Dave Bolland wins face-off versus Tomas Hertl in neutral zone.
2:23 of 2nd period - Luke Schenn is hit by Dave Bolland and loses puck.
2:46 of 2nd period - Frans Nielsen is hit by Patrice Bergeron and loses puck.
3:57 of 2nd period - Snap shot by Dustin Boyd.
3:57 of 2nd period - Deflect By Devante Smith-Pelly.
3:57 of 2nd period - Stopped by Frederik Andersen without a rebound.
3:58 of 2nd period - Frans Nielsen wins face-off versus Patrice Bergeron in Rangers zone.
4:32 of 2nd period - Snap shot by Mark Fistric.
4:32 of 2nd period - Stopped by Kristers Gudlevskis with a rebound.
4:50 of 2nd period - Nick Spaling is hit by Tomas Hertl and loses puck.
6:01 of 2nd period - Slapshot by Benoit Pouliot.
6:01 of 2nd period - Deflect By Steve Downie.
6:01 of 2nd period - Shot Misses the Net.
6:01 of 2nd period - Puck is out of play.
6:02 of 2nd period - Dave Bolland wins face-off versus Patrice Bergeron in Rangers zone.
6:07 of 2nd period - Snap shot by Benoit Pouliot.
6:07 of 2nd period - Shot Misses the Net.
6:13 of 2nd period - Benoit Pouliot is hit by Milan Lucic and loses puck.
6:25 of 2nd period - Icing by Dave Bolland.
6:26 of 2nd period - Sean Couturier wins face-off versus Benoit Pouliot in Canadiens zone.
7:53 of 2nd period - Slapshot by Mark Fistric.
7:53 of 2nd period - Stopped by Kristers Gudlevskis with a rebound.
7:55 of 2nd period - Wrist shot by Milan Lucic.
7:55 of 2nd period - Shot Blocked by Bryce Lampman.
7:57 of 2nd period - Slapshot by Mark Fistric.
7:57 of 2nd period - Stopped by Kristers Gudlevskis without a rebound.
7:58 of 2nd period - Pierre-Marc Bouchard wins face-off versus Sean Couturier in Canadiens zone.
8:04 of 2nd period - Minor Penalty to Jakob Silfverberg for Roughing.
8:05 of 2nd period - Steve Downie wins face-off versus Sean Couturier in Rangers zone.
8:07 of 2nd period - Wrist shot by Benoit Pouliot.
8:07 of 2nd period - Shot Blocked by Luke Schenn.
8:09 of 2nd period - Snap shot by Raphael Diaz.
8:09 of 2nd period - Shot Misses the Net.
8:11 of 2nd period - Slapshot by Cameron Gaunce.
8:11 of 2nd period - Stopped by Frederik Andersen with a rebound.
8:13 of 2nd period - Slapshot by Cameron Gaunce.
8:13 of 2nd period - Shot Misses the Net.
8:15 of 2nd period - Slapshot by Raphael Diaz.
8:15 of 2nd period - Stopped by Frederik Andersen with a rebound.
9:20 of 2nd period - Luke Schenn is hit by Bryce Lampman and loses puck.
10:04 of 2nd period - Penalty to Jakob Silfverberg is over, Jakob Silfverberg is back on ice.
10:33 of 2nd period - Devante Smith-Pelly is hit by Jordan Szwarz and loses puck.
11:25 of 2nd period - Wrist shot by Kyle Okposo.
11:25 of 2nd period - Shot Misses the Net.
11:27 of 2nd period - Slapshot by Cam Barker.
11:27 of 2nd period - Stopped by Kristers Gudlevskis with a rebound.
11:53 of 2nd period - Icing by Benoit Pouliot.
11:54 of 2nd period - Dave Bolland wins face-off versus Patrice Bergeron in Canadiens zone.
12:18 of 2nd period - Snap shot by Greg Stewart.
12:18 of 2nd period - Shot Misses the Net.
12:20 of 2nd period - Slapshot by Mark Stuart.
12:20 of 2nd period - Stopped by Frederik Andersen without a rebound.
12:21 of 2nd period - Sean Couturier wins face-off versus Frans Nielsen in Rangers zone.
12:21 of 2nd period - Sean Couturier is hit by Philip Larsen.
13:02 of 2nd period - Backhand shot by Claude Giroux.
13:02 of 2nd period - Stopped by Frederik Andersen without a rebound.
13:03 of 2nd period - Sean Couturier wins face-off versus Dave Bolland in Rangers zone.
13:03 of 2nd period - Sean Couturier is hit by Dave Bolland.
13:31 of 2nd period - Brett Maclean is hit by Milan Lucic and loses puck.
14:00 of 2nd period - Wrist shot by Magnus Paajarvi.
14:00 of 2nd period - Shot Misses the Net.
14:16 of 2nd period - Cam Barker is hit by Claude Giroux and loses puck.
14:33 of 2nd period - Slapshot by Brady Skjei.
14:33 of 2nd period - Stopped by Frederik Andersen without a rebound.
14:34 of 2nd period - Rostislav Olesz wins face-off versus Dave Bolland in Rangers zone.
14:39 of 2nd period - Benoit Pouliot is hit by Patrik Nemeth and loses puck.
14:44 of 2nd period - Slapshot by Sean Couturier.
14:44 of 2nd period - Shot Misses the Net.
14:46 of 2nd period - Slapshot by Matt Delahey.
14:46 of 2nd period - Goal by Matt Delahey - Rangers : 4 - Canadiens : 0.
14:46 of 2nd period - Allen York enters game.
14:47 of 2nd period - Frans Nielsen wins face-off versus Sean Couturier in neutral zone.
14:52 of 2nd period - Snap shot by Claude Giroux.
14:52 of 2nd period - Shot Misses the Net.
15:20 of 2nd period - Wrist shot by Chris Bourque.
15:20 of 2nd period - Deflect By Mark Stuart.
15:20 of 2nd period - Stopped by Allen York without a rebound.
15:21 of 2nd period - Dave Bolland wins face-off versus Patrice Bergeron in Canadiens zone.
15:25 of 2nd period - Off-side.
15:26 of 2nd period - Patrice Bergeron wins face-off versus Dave Bolland in neutral zone.
15:31 of 2nd period - Slapshot by Cam Barker.
15:31 of 2nd period - Stopped by Allen York without a rebound.
15:32 of 2nd period - Frans Nielsen wins face-off versus Patrice Bergeron in Canadiens zone.
16:22 of 2nd period - Slapshot by Brady Skjei.
16:22 of 2nd period - Stopped by Frederik Andersen without a rebound.
16:23 of 2nd period - Pierre-Marc Bouchard wins face-off versus Tomas Hertl in Rangers zone.
16:48 of 2nd period - Luke Schenn is hit by Greg Stewart and loses puck.
17:22 of 2nd period - Slapshot by Cam Barker.
17:22 of 2nd period - Stopped by Allen York without a rebound.
17:23 of 2nd period - Frans Nielsen wins face-off versus Tomas Hertl in Canadiens zone.
17:30 of 2nd period - Snap shot by Greg Stewart.
17:30 of 2nd period - Stopped by Frederik Andersen with a rebound.
17:32 of 2nd period - Wrist shot by Frans Nielsen.
17:32 of 2nd period - Goal by Frans Nielsen - Rangers : 4 - Canadiens : 1.
17:33 of 2nd period - Frans Nielsen wins face-off versus Sean Couturier in neutral zone.
17:42 of 2nd period - Snap shot by Claude Giroux.
17:42 of 2nd period - Shot Misses the Net.
17:44 of 2nd period - Slapshot by Frans Nielsen.
17:44 of 2nd period - Stopped by Frederik Andersen without a rebound.
17:45 of 2nd period - Milan Lucic wins face-off versus Frans Nielsen in Rangers zone.
17:56 of 2nd period - Snap shot by Milan Lucic.
17:56 of 2nd period - Stopped by Allen York without a rebound.
17:57 of 2nd period - Sean Couturier wins face-off versus Frans Nielsen in Canadiens zone.
18:01 of 2nd period - Minor Penalty to Frans Nielsen for Interference.
18:02 of 2nd period - Pierre-Marc Bouchard wins face-off versus Patrice Bergeron in Canadiens zone.
18:10 of 2nd period - Snap shot by Milan Lucic.
18:10 of 2nd period - Shot Blocked by Bryce Lampman.
18:12 of 2nd period - Slapshot by Luke Schenn.
18:12 of 2nd period - Stopped by Allen York with a rebound.
18:14 of 2nd period - Slapshot by Milan Lucic.
18:14 of 2nd period - Deflect By Patrice Bergeron.
18:14 of 2nd period - Shot Misses the Net.
18:14 of 2nd period - Puck is out of play.
18:15 of 2nd period - Pierre-Marc Bouchard wins face-off versus Patrice Bergeron in Canadiens zone.
18:50 of 2nd period - Snap shot by Kyle Okposo.
18:50 of 2nd period - Shot Blocked by Mark Stuart.
18:52 of 2nd period - Backhand shot by Sean Couturier.
18:52 of 2nd period - Stopped by Allen York without a rebound.
18:53 of 2nd period - Patrice Bergeron wins face-off versus Dustin Boyd in Canadiens zone.
19:00 of 2nd period - Snap shot by Jakob Silfverberg.
19:00 of 2nd period - Shot Blocked by Philip Larsen.
19:52 of 2nd period - Cam Barker is hit by Greg Stewart and loses puck.
Goals for this period are 2 for Rangers vs 1 for Canadiens.
Shots for this period are 12 for Rangers vs 10 for Canadiens.
3rd period
0:01 of 3rd period - Penalty to Frans Nielsen is over, Frans Nielsen is back on ice.
0:01 of 3rd period - Patrice Bergeron wins face-off versus Pierre-Marc Bouchard in neutral zone.
0:04 of 3rd period - Bryce Lampman is hit by Patrice Bergeron and loses puck.
0:17 of 3rd period - Pierre-Marc Bouchard is hit by Patrice Bergeron and loses puck.
0:26 of 3rd period - Minor Penalty to Milan Lucic for Interference.
0:27 of 3rd period - Sean Couturier wins face-off versus Frans Nielsen in Rangers zone.
2:26 of 3rd period - Penalty to Milan Lucic is over, Milan Lucic is back on ice.
2:33 of 3rd period - Cam Barker is hit by Jordan Szwarz and loses puck.
2:40 of 3rd period - Wrist shot by Brett Maclean.
2:40 of 3rd period - Stopped by Frederik Andersen with a rebound.
4:10 of 3rd period - Dave Bolland is hit by Dmitry Kulikov and loses puck.
5:25 of 3rd period - Raphael Diaz is hit by Milan Lucic and loses puck.
6:40 of 3rd period - Tomas Hertl is hit by Mark Stuart and loses puck.
7:16 of 3rd period - Icing by Jakob Silfverberg.
7:17 of 3rd period - Frans Nielsen wins face-off versus Sean Couturier in Rangers zone.
7:20 of 3rd period - Slapshot by Claude Giroux.
7:20 of 3rd period - Stopped by Frederik Andersen with a rebound.
7:44 of 3rd period - Slapshot by Mark Stuart.
7:44 of 3rd period - Shot Blocked by Dmitry Kulikov.
7:52 of 3rd period - Slapshot by Sean Couturier.
7:52 of 3rd period - Shot Blocked by Brady Skjei.
7:54 of 3rd period - Wrist shot by Jakob Silfverberg.
7:54 of 3rd period - Shot Blocked by Brady Skjei.
7:56 of 3rd period - Slapshot by Jakob Silfverberg.
7:56 of 3rd period - Goal by Jakob Silfverberg - Rangers : 5 - Canadiens : 1.
7:57 of 3rd period - Dave Bolland wins face-off versus Patrice Bergeron in neutral zone.
7:59 of 3rd period - Minor Penalty to Benoit Pouliot for Hooking.
8:00 of 3rd period - Pierre-Marc Bouchard wins face-off versus Patrice Bergeron in Canadiens zone.
9:20 of 3rd period - Minor Penalty to Luke Schenn for Elbowing.
9:21 of 3rd period - Dave Bolland wins face-off versus Patrice Bergeron in Rangers zone.
9:32 of 3rd period - Wrist shot by Claude Giroux.
9:32 of 3rd period - Stopped by Frederik Andersen with a rebound.
9:34 of 3rd period - Slapshot by Mark Stuart.
9:34 of 3rd period - Shot Blocked by Patrice Bergeron.
9:36 of 3rd period - Wrist shot by Dave Bolland.
9:36 of 3rd period - Stopped by Frederik Andersen without a rebound.
9:37 of 3rd period - Dave Bolland wins face-off versus Patrice Bergeron in Rangers zone.
9:40 of 3rd period - Slapshot by Dave Bolland.
9:40 of 3rd period - Shot Misses the Net.
9:42 of 3rd period - Wrist shot by Claude Giroux.
9:42 of 3rd period - Shot Misses the Net.
9:59 of 3rd period - Penalty to Benoit Pouliot is over, Benoit Pouliot is back on ice.
10:25 of 3rd period - Mark Stuart is hit by Milan Lucic and loses puck.
11:20 of 3rd period - Penalty to Luke Schenn is over, Luke Schenn is back on ice.
11:24 of 3rd period - Mark Fistric is hit by Cameron Gaunce and loses puck.
11:46 of 3rd period - Wrist shot by Magnus Paajarvi.
11:46 of 3rd period - Stopped by Allen York without a rebound.
11:47 of 3rd period - Tomas Hertl wins face-off versus Dustin Boyd in Canadiens zone.
11:51 of 3rd period - Minor Penalty to Mark Stuart for High sticking.
11:52 of 3rd period - Pierre-Marc Bouchard wins face-off versus Patrice Bergeron in Canadiens zone.
12:51 of 3rd period - Wrist shot by Rostislav Olesz.
12:51 of 3rd period - Deflect By Kyle Okposo.
12:51 of 3rd period - Shot Blocked by Dustin Boyd.
12:51 of 3rd period - Puck is out of play.
12:52 of 3rd period - Pierre-Marc Bouchard wins face-off versus Patrice Bergeron in Canadiens zone.
13:09 of 3rd period - Snap shot by Jakob Silfverberg.
13:09 of 3rd period - Stopped by Allen York without a rebound.
13:10 of 3rd period - Pierre-Marc Bouchard wins face-off versus Patrice Bergeron in Canadiens zone.
13:10 of 3rd period - Pierre-Marc Bouchard is hit by Milan Lucic.
13:47 of 3rd period - Slapshot by Mark Fistric.
13:47 of 3rd period - Shot Blocked by Raphael Diaz.
13:51 of 3rd period - Penalty to Mark Stuart is over, Mark Stuart is back on ice.
14:01 of 3rd period - Wrist shot by Devante Smith-Pelly.
14:01 of 3rd period - Stopped by Allen York with a rebound.
14:25 of 3rd period - Slapshot by Brady Skjei.
14:25 of 3rd period - Shot Blocked by Luke Schenn.
14:40 of 3rd period - Icing by Jakob Silfverberg.
14:41 of 3rd period - Greg Stewart wins face-off versus Sean Couturier in Rangers zone.
14:46 of 3rd period - Wrist shot by Frans Nielsen.
14:46 of 3rd period - Shot Misses the Net.
14:53 of 3rd period - Minor Penalty to Cameron Gaunce for Roughing.
14:54 of 3rd period - Patrice Bergeron wins face-off versus Dustin Boyd in Canadiens zone.
15:24 of 3rd period - Slapshot by Dmitry Kulikov.
15:24 of 3rd period - Shot Misses the Net.
16:02 of 3rd period - Slapshot by Benoit Pouliot.
16:02 of 3rd period - Stopped by Frederik Andersen without a rebound.
16:03 of 3rd period - Dave Bolland wins face-off versus Patrice Bergeron in Rangers zone.
16:06 of 3rd period - Backhand shot by Dave Bolland.
16:06 of 3rd period - Goal by Dave Bolland - Rangers : 5 - Canadiens : 2.
16:07 of 3rd period - Pierre-Marc Bouchard wins face-off versus Patrice Bergeron in neutral zone.
16:36 of 3rd period - Icing by Sean Couturier.
16:37 of 3rd period - Dustin Boyd wins face-off versus Sean Couturier in Rangers zone.
16:53 of 3rd period - Penalty to Cameron Gaunce is over, Cameron Gaunce is back on ice.
17:02 of 3rd period - Wrist shot by Sean Couturier.
17:02 of 3rd period - Stopped by Allen York with a rebound.
17:04 of 3rd period - Snap shot by Rostislav Olesz.
17:04 of 3rd period - Deflect By Sean Couturier.
17:04 of 3rd period - Shot Hit the Post.
17:04 of 3rd period - Puck is out of play.
17:05 of 3rd period - Dave Bolland wins face-off versus Tomas Hertl in Canadiens zone.
17:11 of 3rd period - Icing by Brady Skjei.
17:12 of 3rd period - Tomas Hertl wins face-off versus Dave Bolland in Canadiens zone.
17:12 of 3rd period - Tomas Hertl is hit by Steve Downie.
17:28 of 3rd period - Wrist shot by Steve Quailer.
17:28 of 3rd period - Shot Misses the Net.
17:42 of 3rd period - Slapshot by Benoit Pouliot.
17:42 of 3rd period - Shot Misses the Net.
17:44 of 3rd period - Slapshot by Bryce Lampman.
17:44 of 3rd period - Deflect By Steve Downie.
17:44 of 3rd period - Shot Blocked by Chris Bourque.
17:44 of 3rd period - Puck is out of play.
17:45 of 3rd period - Patrice Bergeron wins face-off versus Claude Giroux in Rangers zone.
17:50 of 3rd period - Backhand shot by Claude Giroux.
17:50 of 3rd period - Deflect By Frans Nielsen.
17:50 of 3rd period - Stopped by Frederik Andersen without a rebound.
17:51 of 3rd period - Patrice Bergeron wins face-off versus Frans Nielsen in Rangers zone.
18:04 of 3rd period - Snap shot by Milan Lucic.
18:04 of 3rd period - Shot Misses the Net.
18:22 of 3rd period - Slapshot by Steve Downie.
18:22 of 3rd period - Stopped by Frederik Andersen with a rebound.
18:28 of 3rd period - Snap shot by Jakob Silfverberg.
18:28 of 3rd period - Stopped by Allen York with a rebound.
18:38 of 3rd period - Snap shot by Magnus Paajarvi.
18:38 of 3rd period - Stopped by Allen York without a rebound.
18:39 of 3rd period - Maxime Sauvé wins face-off versus Frans Nielsen in Canadiens zone.
19:26 of 3rd period - Minor Penalty to Milan Lucic for Tripping.
19:27 of 3rd period - Dave Bolland wins face-off versus Sean Couturier in Rangers zone.
19:41 of 3rd period - Wrist shot by Dave Bolland.
19:41 of 3rd period - Shot Blocked by Mark Fistric.
19:43 of 3rd period - Slapshot by Cameron Gaunce.
19:43 of 3rd period - Shot Misses the Net.
19:53 of 3rd period - Snap shot by Claude Giroux.
19:53 of 3rd period - Stopped by Frederik Andersen without a rebound.
19:54 of 3rd period - Sean Couturier wins face-off versus Frans Nielsen in Rangers zone.
Goals for this period are 1 for Rangers vs 1 for Canadiens.
Shots for this period are 7 for Rangers vs 9 for Canadiens.
Output by the SimonT Hockey Simulator (STHS) for Francois Prevost